 Dungeon Sprint DCSS version 0.30.1-11-g7821555f0a (webtiles) character file.

Game seed: 5812070600441187441

399 Heoruswealwe the Spear-Bearer (level 6, -8/63 HPs)
             Began as a Minotaur Fighter on Jan 4, 2024.
             Was an Initiate of Gozag.
             Mangled by a gargoyle
             ... wielding a +0 dire flail
              (13 damage)
             ... in the Dungeon (Sprint IX: "|||||||||||||||||||||||||||||").
             The game lasted 00:01:23 (115 turns).

Heoruswealwe the Spear-Bearer (Minotaur Fighter)     Turns: 115, Time: 00:01:23

Health: -8/63      AC:  8    Str: 22    XL:     6   Next: 53%
Magic:  5/5        EV:  9    Int:  5    God:    Gozag
Gold:   0          SH:  4    Dex: 10    Spells: 5/5 levels left

rFire   . . .        a - +0 trident
rCold   . . .        d - +0 buckler
rNeg    . . .        c - +0 scale mail
rPois   .            (helmet restricted)
rElec   .            (no cloak)
rCorr   .            (no gloves)
SInv    .            (no boots)
Will    .....        (no amulet) Stlth
                     (no ring)
HPRegen 0.30/turn    (no ring)
MPRegen 0.09/turn

%: no teleportation
@: gold aura
A: horns 2, retaliatory headbutt
a: Renounce Religion, Potion Petition, Call Merchant, Bribe Branch


You were in the Dungeon.
You worshipped Gozag.
Gozag was noncommittal.
You visited 1 branch

Inventory:

Hand Weapons
 a - a +0 trident (weapon)
Armour
 c - a +0 scale mail (worn)
 d - a +0 buckler (worn)
Jewellery
 k - a +2 ring of evasion
 l - a +2 ring of protection
Wands
 h - a wand of roots (10)
Scrolls
 j - 2 scrolls of blinking
Potions
 b - a potion of might
 e - 5 potions of curing
 f - 3 potions of heal wounds
 g - a potion of haste
 i - a potion of berserk rage


   Skills:
 + Level 9.3 Fighting
 * Level 12.1 Polearms
 + Level 9.2 Armour
 - Level 3.6 Shields


You had 5 spell levels left.
You didn't know any spells.
Your spell library was empty.

Dungeon Overview and Level Annotations

Branches:
Dungeon (1/1)

Altars:
Cheibriados
Dithmenos
Elyvilon
Fedhas
Gozag
Hepliaklqana
Kikubaaqudgha
Makhleb
Nemelex Xobeh
Okawaru
Qazlal
Ru
Sif Muna
Trog
Uskayaw
Vehumet
Wu Jian
Xom
Yredelemnul
Zin
The Shining One
Jiyva
Lugonu


Innate Abilities, Weirdness & Mutations

You have a pair of horns on your head.
You reflexively headbutt those who attack you in melee.


Message History

You hit the troll. Your headbutt misses the troll.
The troll is lightly wounded.
The troll bites you but does no damage. The troll claws you.
* * * LOW HITPOINT WARNING * * *
The troll claws you but does no damage.
You hit the troll.
The troll is lightly wounded.
The troll bites you.
* * * LOW HITPOINT WARNING * * *
The troll claws you.
* * * LOW HITPOINT WARNING * * *
The troll closely misses you.
You hit the troll.
The troll is lightly wounded.
The troll bites you but does no damage. The troll claws you but does no damage.
You block the troll's attack.
You barely miss the troll.
The troll is lightly wounded.
You hit the troll. Your headbutt misses the troll.
The troll is moderately wounded.
The troll barely misses you.
The troll claws you but does no damage. x2
You puncture the troll! You headbutt the troll!
The troll is severely wounded.
The troll misses you. You furiously retaliate!
You headbutt the troll!
The troll claws you but does no damage. x2
You hit the troll.
You kill the troll!
Your Fighting skill gained 2 levels and is now at level 9!
Your Polearms skill gained 3 levels and is now at level 12!
Your Armour skill gained 2 levels and is now at level 9!
You have reached level 6!
You barely miss the gargoyle.
The gargoyle hits you with a +0 dire flail.
* * * LOW HITPOINT WARNING * * *
You hit the gargoyle but do no damage.
You headbutt the gargoyle, but do no damage.
You barely miss the gargoyle.
The gargoyle hits you with a +0 dire flail!
You die...
Your body crumbles into a pile of gold.

▓?▓
$
▓)▓
$
▓.▓
$
▓[▓
▓[▓
$
▓[▓
▓.▓
$
▓.▓
▓@▓
$
▓9▓
▓Y▓
$
▓.▓
$
▓Y▓
$ $
▓.▓
$
▓.▓
$
▓+▓


You could see 2 yaks and a gargoyle.

Vanquished Creatures
  A troll (D)
  A centaur (D)
  A hound (D)
  A jelly (D)
  An orc wizard (D)
  An adder (D)
  A gnoll (D)
  A worm (D)
  A dart slug (D)
  A bat (D)
  A goblin (D)
  A quokka (D)
  A rat (D)
13 creatures vanquished.

Notes
Turn   | Place    | Note
-------+----------+-------------------------------------------
     0 | D        | Heoruswealwe the Minotaur Fighter began the quest for the
                  | Orb.
     0 | D        | Reached XP level 1. HP: 19/19 MP: 0/0
     7 | D        | Reached skill level 3 in Polearms
    13 | D        | Reached skill level 4 in Polearms
    21 | D        | Noticed a hound
    21 | D        | Noticed a jelly
    25 | D        | Killed a hound
    26 | D        | Reached skill level 5 in Fighting
    26 | D        | Reached skill level 5 in Polearms
    26 | D        | Reached skill level 5 in Armour
    26 | D        | Reached XP level 2. HP: 22/29 MP: 1/1
    26 | D        | Reached XP level 3. HP: 28/36 MP: 2/2
    34 | D        | Reached skill level 6 in Polearms
    38 | D        | Reached skill level 7 in Polearms
    38 | D        | Reached XP level 4. HP: 22/44 MP: 3/3
    46 | D        | Found a snail-covered altar of Cheibriados.
    46 | D        | Found a shadowy altar of Dithmenos.
    46 | D        | Found a white marble altar of Elyvilon.
    46 | D        | Found a blossoming altar of Fedhas.
    46 | D        | Found an opulent altar of Gozag.
    47 | D        | Found a hazy altar of Hepliaklqana.
    48 | D        | Found a viscous altar of Jiyva.
    49 | D        | Found an ancient bone altar of Kikubaaqudgha.
    50 | D        | Found a corrupted altar of Lugonu.
    51 | D        | Found a burning altar of Makhleb.
    52 | D        | Found a sparkling altar of Nemelex Xobeh.
    53 | D        | Found an iron altar of Okawaru.
    54 | D        | Found a stormy altar of Qazlal.
    56 | D        | Became a worshipper of Gozag Ym Sagoz the Greedy
    58 | D        | Found a sacrificial altar of Ru.
    59 | D        | Found a shimmering blue altar of Sif Muna.
    60 | D        | Found a bloodstained altar of Trog.
    61 | D        | Found a hide-covered altar of Uskayaw.
    62 | D        | Found a radiant altar of Vehumet.
    63 | D        | Found an ornate altar of the Wu Jian Council.
    64 | D        | Found a shimmering altar of Xom.
    65 | D        | Found a basalt altar of Yredelemnul.
    66 | D        | Found a glowing silver altar of Zin.
    67 | D        | Found a glowing golden altar of the Shining One.
    91 | D        | Noticed a centaur
    91 | D        | Noticed a troll
    91 | D        | Noticed a gargoyle
    91 | D        | Noticed a yak
    91 | D        | Noticed a yak
    99 | D        | Reached skill level 8 in Polearms
   100 | D        | Killed a centaur
   101 | D        | Reached skill level 9 in Polearms
   101 | D        | Reached XP level 5. HP: 43/52 MP: 4/4
   112 | D        | Killed a troll
   113 | D        | Reached skill level 12 in Polearms
   113 | D        | Reached XP level 6. HP: 8/63 MP: 5/5
   115 | D        | Mangled by a gargoyle

Illustrated notes

Levels and vault maps discovered:
D:        linesprint [early_d, line_temple, items_1, d_10, items_2, lair_1,
          lair_end, items_3, orc_1, orc_end, items_4, d_15, swamp_1, shoals_1,
          snake_1, spider_1, d_20, vaults_1, items_5, swamp_end, shoals_end,
          snake_end, spider_end, vaults_end, d_27, items_6, zot_1, zot_end,
          crypt_end, forest_end, elf_end, slime_end, tomb_end, abyss_end,
          pan_hell_end]

Skill      XL: |  1  2  3  4  5 |
---------------+----------------+-----
Polearms       | 5 7 9 12 | 12.1
Fighting       | 5 6 7 9 |  9.3
Armour         | 5 6 7 9 |  9.2
Shields        | |  3.6

Action                     |  1- 3 |  4- 6 || total
---------------------------+-------+-------++-------
  Melee: Trident           |    24 |    25 ||    49
         Headbutt          |     3 |     2 ||     5
 Armour: Scale mail        |     7 |    12 ||    19
  Dodge: Dodged            |    11 |     9 ||    20
  Block: Buckler           |     3 |     5 ||     8
